 Dungeon Crawl Stone Soup version 0.18.0-2-g198d6d4 (webtiles) character file.

2559 chris112 the Agent of Entropy (level 9, -1/68 HPs)
             Began as a Demonspawn Abyssal Knight on May 5, 2016.
             Was a Priest of Lugonu.
             Killed by nerve-wracking pain
             ... invoked by an orc priest
              (6 damage)
             ... on level 7 of the Dungeon on May 6, 2016.
             The game lasted 01:09:32 (7658 turns).

chris112 the Agent of Entropy (DsAK)                Turns: 7658, Time: 01:09:32

Health: -1/68      AC: 25    Str: 16    XL:     9   Next: 31%
Magic:  14/14      EV:  6    Int: 13    God:    Lugonu [***...]
Gold:   306        SH:  0    Dex: 13    Spells: 0 memorised, 8 levels left

rFire  . . .     SeeInvis .     j - +2 morningstar
rCold  . . .     Gourm    .     A - +0 plate armour
rNeg   . . .     Faith    .     (no shield)
rPois  .         Spirit   .     g - +2 hat
rElec  .         Dismiss  .     (no cloak)
rCorr  +         Reflect  .     y - +0 pair of gloves
SustAt .         Harm     .     l - +0 pair of boots
MR     .....                    (no amulet)
Stlth  ..........               (no ring)
                                D - ring of resist corrosion

@: not resistant to hostile enchantments, extremely unstealthy
A: iridescent scales 3, powered by death 1, spiny 1
a: Depart the Abyss, Bend Space, Banish, Renounce Religion


You were on level 7 of the Dungeon.
You worshipped Lugonu.
Lugonu was most pleased with you.
You were hungry.

You visited 2 branches of the dungeon, and saw 8 of its levels.
You visited the Abyss 1 time.

You collected 306 gold pieces.

Inventory:

Hand Weapons
 a - a +0 mace of draining
 j - a +2 morningstar (weapon)
 s - a +0 hand axe of draining
 v - a +2 glaive of distortion
 I - a +0 shortbow
Missiles
 b - 30 bolts
 i - 24 poisoned needles
 o - 113 arrows
 p - 96 stones (quivered)
 E - 17 sling bullets
 H - 3 tomahawks
Armour
 g - a +2 hat (worn)
 l - a +0 pair of boots (worn)
 y - a +0 pair of gloves (worn)
 A - a +0 plate armour (worn)
Jewellery
 D - a ring of resist corrosion (left hand)
Scrolls
 c - a scroll of immolation {unknown}
 m - a scroll of recharging
 q - a scroll of noise
 t - a scroll of magic mapping
 z - 3 scrolls of remove curse
Potions
 d - 4 potions of lignification
 e - 2 potions of brilliance
 f - 2 potions of invisibility
 h - 3 potions of degeneration
 n - 2 potions of cure mutation
 r - 2 potions of flight
 u - a potion of cancellation
 w - a potion of mutation {unknown}
 B - a potion of haste {unknown}
 C - a potion of agility {unknown}
Comestibles
 k - 4 bread rations
 x - 3 fruits


   Skills:
 + Level 5.4 Fighting
 + Level 0.3(2.9) Axes
 * Level 4.7 Maces & Flails
 + Level 2.6 Throwing
 + Level 6.2 Armour
 + Level 4.4 Dodging
 + Level 1.5 Stealth
 * Level 7.8 Invocations


You had 8 spell levels left.
You didn't know any spells.

Dungeon Overview and Level Annotations

Branches:
Dungeon (7/15)             Temple (1/1) D:4

Altars:
Ashenzari
Cheibriados
Dithmenos
Elyvilon
Fedhas
Kikubaaqudgha
Makhleb
Okawaru
Pakellas
Qazlal
Sif Muna
Trog
Vehumet
Xom
Yredelemnul
The Shining One

Annotations:
Abyss:1 Grinder


Innate Abilities, Weirdness & Mutations

You are completely covered in iridescent scales (AC +8).
You regenerate a little health from kills.
You are partially covered in sharp spines.


Message History

The orc priest is lightly wounded.
The orc priest calls upon Beogh to heal the orc priest.
The orc priest's wounds heal themselves!
The orc priest barely misses you.
You closely miss the orc priest.
You feel less regenerative.
The orc priest hits you but does no damage.
The orc priest is struck by your spines.
The orc priest barely misses you.
The orc wizard mumbles some strange words.
The orc wizard seems to speed up.
The orc priest is struck by your spines.
The orc priest hits you but does no damage. x2
The orc priest looks braver for a moment.
The orc priest calls down the wrath of Beogh upon you.
Beogh smites you!
* * * LOW HITPOINT WARNING * * *
The orc priest mumbles some strange prayers to Beogh against you.
Pain shoots through your body!
You die...

........#####.........#*
#..<....# ####......#
≈.≈≈....# ####..## **#
#'#≈....# #..####.#
'_'.....## ##.....#*
#'#≈..o..# ###.....#
≈.≈≈..)..## ##......##
..?!......# ###....#.##
##........#####.@..#####
#####...oo.o....###
#...#..o..###
*#..#####..# #..## #..#
**#..# #..# ***...##
#..# ,,....** #..#
,,###.,* #..#


You could see 3 orc priests and an orc wizard.

Vanquished Creatures
  Pikel (D:4)
  Duvessa (D:4)
  An ice beast (D:5)
  A phantom (D:6)
  2 orc warriors
  A necrophage (D:6)
  4 slaves (D:4)
  2 ogres
  3 centaurs (D:6)
  A giant frog (D:6)
  Dowan (D:4)
  5 killer bees (D:7)
  A howler monkey (D:6)
  2 crimson imps
  A centaur zombie (D:5)
  3 hounds
  A giant frog skeleton (D:7)
  An iguana (D:4)
  An orc wizard (D:4)
  2 worker ants
  A hound zombie (D:5)
  2 worker ant zombies
  4 adders
  2 shadow imps (D:6)
  An adder skeleton (D:4)
  2 worms
  A dart slug (D:2)
  7 giant geckos
  21 orcs
  3 ball pythons
  5 giant cockroaches
  13 goblins
  6 hobgoblins
  8 jackals
  3 quokkas
  9 bats
  8 giant newts
  4 kobolds
  12 rats
147 creatures vanquished.

Vanquished Creatures (others)
  A centaur (D:6)
  A crimson imp (D:6)
  A worker ant (D:5)
  A howler monkey skeleton (D:4)
  2 orcs
6 creatures vanquished.

Grand Total: 153 creatures vanquished

Notes
Turn   | Place    | Note
--------------------------------------------------------------
     0 | Abyss:1  | chris112 the Demonspawn Abyssal Knight began the quest for the Orb.
     0 | Abyss:1  | Reached XP level 1. HP: 18/18 MP: 2/2
    46 | Abyss:1  | Noticed a smoke demon
    49 | D:1      | Escaped the Abyss
   179 | D:1      | Reached * piety under Lugonu
   179 | D:1      | Gained mutation: You are partially covered in sharp spines. [demonic ancestry]
   179 | D:1      | Reached XP level 2. HP: 10/24 MP: 3/3
   354 | D:1      | Reached skill level 1 in Dodging
   506 | D:1      | Reached XP level 3. HP: 29/29 MP: 4/4
  1333 | D:2      | Reached ** piety under Lugonu
  2216 | D:3      | Found an iron altar of Okawaru.
  2261 | D:3      | Gained mutation: You regenerate a little health from kills. [demonic ancestry]
  2261 | D:3      | Reached XP level 4. HP: 37/37 MP: 6/6
  2454 | D:3      | Found a radiant altar of Vehumet.
  2952 | D:3      | Reached *** piety under Lugonu
  3263 | D:4      | Noticed Grinder
  3277 | D:4      | Banished Grinder
  3277 | D:4      | Gained mutation: You are partially covered in iridescent scales (AC +4). [demonic ancestry]
  3277 | D:4      | Reached XP level 5. HP: 25/42 MP: 7/7
  3288 | D:4      | Noticed a slave
  3288 | D:4      | Noticed a slave
  3289 | D:4      | Noticed a slave
  3291 | D:4      | Noticed a slave
  3317 | D:4      | Killed a slave
  3318 | D:4      | Killed a slave
  3322 | D:4      | Killed a slave
  3386 | D:4      | Noticed Pikel
  3488 | D:4      | Reached skill level 1 in Throwing
  3488 | D:4      | Reached skill level 3 in Invocations
  3488 | D:4      | Reached XP level 6. HP: 40/48 MP: 8/8
  3502 | D:4      | Noticed Dowan
  3516 | D:4      | Noticed Duvessa
  3553 | D:4      | Killed a slave
  3559 | D:4      | Killed Pikel
  3559 | D:4      | Reached skill level 1 in Stealth
  3559 | D:4      | Reached skill level 4 in Invocations
  3559 | D:4      | Reached XP level 7. HP: 38/55 MP: 8/10
  3565 | D:4      | Killed Dowan
  3614 | D:4      | Killed Duvessa
  3614 | D:4      | Reached skill level 5 in Invocations
  3864 | D:4      | Found a staircase to the Ecumenical Temple.
  3870 | Temple   | Entered the Ecumenical Temple
  4268 | D:4      | Gained mutation: You are mostly covered in iridescent scales (AC +6). [demonic ancestry]
  4268 | D:4      | Reached XP level 8. HP: 61/61 MP: 11/11
  4492 | D:5      | Entered Level 5 of the Dungeon
  4656 | D:5      | Reached skill level 5 in Armour
  5006 | D:5      | Found a deep blue altar of Sif Muna.
  5355 | D:6      | Reached skill level 6 in Invocations
  5694 | D:6      | Reached skill level 5 in Fighting
  6092 | D:6      | Reached skill level 7 in Invocations
  6092 | D:6      | Gained mutation: You are completely covered in iridescent scales (AC +8). [demonic ancestry]
  6092 | D:6      | Reached XP level 9. HP: 35/67 MP: 14/14
  6752 | D:7      | Found an oddly glowing altar of Pakellas.
  7637 | D:7      | Found a glowing golden altar of the Shining One.
  7658 | D:7      | Killed from afar by an orc priest

Skill      XL: |  1  2  3  4  5  6  7  8  9 |
---------------+----------------------------+-----
Maces & Flails | 2 3 4 |  4.7
Dodging        | 1 2 3 4 |  4.4
Armour         | 2 3 4 5 6 |  6.2
Fighting       | 4 5 |  5.4
Throwing       | 1 2 |  2.6
Invocations    | 3 4 5 7 |  7.8
Stealth        | 1 |  1.5
Axes           | |  0.3

Action                   |  1- 3 |  4- 6 |  7- 9 || total
-------------------------+-------+-------+-------++-------
Melee: Mace              |    63 |    46 |    11 ||   120
       Hand axe          |       |    38 |    16 ||    54
       Flail             |       |       |   130 ||   130
       Morningstar       |       |       |    14 ||    14
Throw: Stone             |       |    18 |       ||    18
       Tomahawk          |       |       |     3 ||     3
Invok: Depart the Abyss  |     1 |       |       ||     1
       Banish            |       |     2 |     5 ||     7
       Bend Space        |       |     2 |     5 ||     7
  Use: Potion            |     4 |     2 |     2 ||     8
       Scroll            |     9 |     2 |    14 ||    25
  Eat: Bread ration      |     1 |       |     1 ||     2
       Beef jerky        |     1 |       |       ||     1
       Meat ration       |       |     1 |       ||     1
       Fruit             |       |       |     1 ||     1
       Chunk             |       |       |     7 ||     7
Armor: Leather armour    |     5 |       |       ||     5
       Ring mail         |     4 |    12 |       ||    16
       Chain mail        |       |    41 |    90 ||   131
       Plate armour      |       |       |    61 ||    61
Dodge: Dodged            |    30 |    37 |    57 ||   124
